Map: Jagannatha LE

Players

OstiSuce - Winner!

  • Race: Protoss Protoss
  • League: Platinum
  • Spawn Location: 1:00

Massa

  • Race: Terran Terran
  • League: Platinum
  • Spawn Location: 7:00

VOD

Have the link to the VOD?

Description

Time

  • Played on: Jan. 16, 2021, 5:08 a.m.
  • Length: 7:45
Show
View Real Time Build Order
Export as new Build Order

OstiSuce Protoss - Winner!

Build Orders: Proxy Void Ray 

Get SALT Encoding   

  12  0:10  Pylon  
  12  0:13  Probe  
  14  0:31  Gateway  
  14  0:33  Probe  
  14  0:40  Assimilator  
  14  0:45  Assimilator  
  14  0:48  Probe (Chrono Boost)  
  15  0:59  Probe (Chrono Boost)  
  15  1:04  Probe (Chrono Boost)  
  17  1:14  Probe  
  18  1:20  Cybernetics Core  
  18  1:27  Probe  
  19  1:39  Probe, Pylon  
  20  1:51  Probe  
  21  1:58  Stargate  
  21  2:13  Stargate  
  21  2:16  Pylon  
  21  2:17  Probe  
  22  2:28  Shield Battery  
  22  2:30  Probe  
  22  2:33  Void Ray (Chrono Boost)  
  27  3:01  Void Ray (Chrono Boost)  
  31  3:09  Pylon  
  31  3:24  Void Ray (Chrono Boost)  
  31  3:25  Shield Battery  
  35  3:50  Gateway  
  35  4:00  Void Ray (Chrono Boost)  
  35  4:20  Void Ray (Chrono Boost)  
  35  4:22  Gateway  
  39  4:50  Void Ray  
  43  5:05  Zealot  
  45  5:50  Nexus  
  45  6:06  Pylon  
  45  6:08  Pylon  
  45  6:11  Pylon  
  45  6:16  Void Ray x2 (Chrono Boost)  
  53  6:34  Zealot x2  
  57  6:45  Shield Battery  
  57  6:46  Shield Battery, Void Ray (Chrono Boost)  
  57  6:48  Shield Battery  
Show
View Real Time Build Order
Export as new Build Order

Massa Terran 

Build Orders:  

Get SALT Encoding   

  12  0:00  SCV  
  13  0:12  SCV  
  14  0:18  Supply Depot  
  14  0:24  SCV  
  15  0:39  SCV  
  15  0:40  Barracks  
  16  0:49  Refinery  
  16  0:51  SCV  
  17  1:03  SCV  
  18  1:15  SCV  
  19  1:36  Orbital Command  
  19  1:41  Barracks Reactor  
  19  1:47  Command Center  
  19  1:59  Supply Depot  
  19  2:02  SCV  
  20  2:15  Factory  
  20  2:17  Marine x2  
  22  2:24  SCV  
  22  2:28  Supply Depot  
  23  2:48  SCV  
  24  2:52  Refinery  
  24  2:59  Marine x2  
  24  3:00  SCV  
  24  3:03  Orbital Command  
  29  3:17  Marine x2  
  30  3:22  Engineering Bay  
  26  3:35  Factory Tech Lab  
  25  3:43  SCV, Bunker  
  25  3:44  SCV  
  27  3:52  Missile Turret  
  26  3:59  Marine  
  26  4:00  Marine  
  27  4:05  Cyclone  
  27  4:06  SCV x2  
  32  4:17  Marine  
  32  4:18  Marine  
  34  4:35  Marine x2  
  34  4:37  SCV x2  
  38  4:41  Cyclone  
  35  4:49  SCV x2  
  36  4:53  Marine x2  
  36  4:58  Missile Turret  
  38  5:11  Marine x2  
  38  5:13  Cyclone  
  34  5:30  Marine x2  
  34  5:36  Barracks  
  34  5:38  Barracks  
  34  5:40  Barracks  
  34  5:43  Barracks  
  34  5:48  Marine x2  
  36  6:16  Factory Tech Lab  
  36  6:31  Marine x3  
  36  6:32  Marine x2  
  36  6:38  Missile Turret  
  36  6:39  Missile Turret  
  38  6:46  Command Center  
  38  6:48  Marine  
  38  6:50  Supply Depot  
  38  6:51  Supply Depot x2  
  38  6:53  Barracks Tech Lab  
  39  7:07  Marine  
  38  7:09  Cyclone  
  38  7:15  Supply Depot  
  39  7:22  Marine  
  37  7:23  Marine x3  
  37  7:25  Marine  
Tags
 
Add a new tag
Caveats
  • Supply blocks, unpowered buildings, or Contaminate may cause inaccurate times.
  • Supply counts are checked every 10 seconds.